[ AOE2 MATCH · #482787049 ]
UnrankedGurjaras vs Lithuanians
Player's team · WIN
[ REPLAY ANALYSIS · EXTRACTED FROM THE RECORDED GAME ]
Feudal
9:30
Castle
18:49
Imperial
35:36
| APM avg | 60.4 |
| APM peak | 91 |
| eAPM avg | 34.1 |
| Villagers / military | 155 / 199 |
Focus
⚔️ 25.2% · 🌾 74.8%
Shrivamsha Rider ×65 · Elephant Archer ×54 · Camel Scout ×43 · Scout Cavalry ×24 · Trebuchet (Packed) ×5 · Monk ×4
Feudal
9:15
Castle
20:22
Imperial
34:11
| APM avg | 38.4 |
| APM peak | 70 |
| eAPM avg | 19.3 |
| Villagers / military | 130 / 178 |
Focus
⚔️ 35.2% · 🌾 64.8%
Spearman ×93 · Scout Cavalry ×44 · Knight ×14 · Archer ×13 · Leitis ×8 · Monk ×2
Match map
Initial resources + every placement click. Lines = walls · curves = elevation contours. ◆ gold · ⬟ stone · ● berries · ✦ relic · ◌ wall gap
Your base· Open — opponent sealed themselves in
nefurios's base· ✓ Closed at 20:22 · 45t walls · no gate
Smoothed initial terrain · ◌ = detected wall gap · hover for details
Inputs per minute
— yukino - - nefurios
Build order — yukino
First 150 of 531 actions detected
| 0:00 | Create | Villager (Male) |
| 0:01 | Create | Villager (Male) |
| 0:01 | Create | Villager (Male) |
| 0:07 | Create | Villager (Male) |
| 0:30 | Build | House |
| 0:34 | Research | Loom |
| 0:34 | Create | Villager (Male) |
| 0:35 | Create | Villager (Male) |
| 0:40 | Build | House |
| 0:44 | Create | Villager (Male) |
| 1:22 | Build | Mill |
| 2:14 | Create | Villager (Male) |
| 2:23 | Create | Villager (Male) |
| 2:53 | Create | Villager (Male) |
| 3:13 | Create | Villager (Male) |
| 3:24 | Create | Villager (Male) |
| 3:53 | Create | Villager (Male) |
| 4:07 | Create | Villager (Male) |
| 4:13 | Build | House |
| 4:21 | Build | House |
| 4:53 | Create | Villager (Male) |
| 5:40 | Create | Villager (Male) |
| 5:40 | Create | Villager (Male) |
| 5:44 | Create | Villager (Male) |
| 6:33 | Build | Lumber Camp |
| 6:47 | Create | Villager (Male) |
| 7:20 | Research | Feudal Age |
| 8:06 | Build | House |
| 8:44 | Create | Villager (Male) |
| 8:49 | Build | Barracks |
| 9:30 | Age | Feudal Age |
| 9:32 | Build | Stable |
| 9:45 | Research | Double-Bit Axe |
| 9:45 | Research | Double-Bit Axe |
| 9:45 | Create | Villager (Male) |
| 10:06 | Build | House |
| 10:11 | Create | Villager (Male) |
| 10:22 | Build | Farm |
| 10:23 | Create | Scout Cavalry |
| 10:23 | Create | Scout Cavalry |
| 10:24 | Create | Scout Cavalry |
| 10:33 | Create | Villager (Male) |
| 10:43 | Build | Farm |
| 10:44 | Create | Villager (Male) |
| 11:12 | Build | Farm |
| 11:15 | Build | House |
| 11:17 | Build | Palisade Wall |
| 11:39 | Create | Villager (Male) |
| 11:43 | Build | Farm |
| 11:50 | Build | House |
| 11:52 | Build | Palisade Wall |
| 11:57 | Create | Villager (Male) |
| 12:06 | Build | Farm |
| 12:07 | Build | Farm |
| 12:08 | Build | Farm |
| 12:11 | Build | Farm |
| 12:13 | Build | Farm |
| 12:19 | Build | Farm |
| 12:27 | Build | House |
| 12:29 | Build | Palisade Wall |
| 12:33 | Create | Villager (Male) |
| 12:47 | Create | Villager (Male) |
| 12:51 | Build | House |
| 12:58 | Build | Palisade Wall |
| 13:06 | Create | Villager (Male) |
| 13:13 | Build | House |
| 13:16 | Build | Palisade Wall |
| 13:20 | Build | House |
| 13:23 | Create | Villager (Male) |
| 13:32 | Build | Mining Camp |
| 14:12 | Build | Blacksmith |
| 14:14 | Create | Villager (Male) |
| 14:30 | Create | Villager (Male) |
| 15:06 | Create | Villager (Male) |
| 15:27 | Build | Farm |
| 15:30 | Build | Farm |
| 15:37 | Build | Farm |
| 15:39 | Create | Villager (Male) |
| 15:41 | Build | Farm |
| 16:09 | Research | Castle Age |
| 16:22 | Build | Farm |
| 16:34 | Research | Scale Barding Armor |
| 16:45 | Build | Stable |
| 16:56 | Research | Horse Collar |
| 17:39 | Build | Mining Camp |
| 17:41 | Create | Villager (Male) |
| 18:00 | Research | Bloodlines |
| 18:05 | Build | Stable |
| 18:40 | Build | House |
| 18:49 | Age | Castle Age |
| 18:57 | Create | Shrivamsha Rider |
| 18:57 | Create | Shrivamsha Rider |
| 19:11 | Create | Villager (Male) |
| 19:14 | Build | Market |
| 19:18 | Research | Bow Saw |
| 19:22 | Create | Villager (Male) |
| 19:31 | Build | Farm |
| 19:58 | Create | Shrivamsha Rider |
| 19:58 | Create | Shrivamsha Rider |
| 20:11 | Create | Villager (Male) |
| 20:15 | Build | Farm |
| 20:19 | Create | Shrivamsha Rider |
| 20:19 | Create | Shrivamsha Rider |
| 20:19 | Create | Shrivamsha Rider |
| 20:19 | Create | Shrivamsha Rider |
| 20:28 | Create | Shrivamsha Rider |
| 20:28 | Create | Shrivamsha Rider |
| 20:28 | Create | Shrivamsha Rider |
| 20:38 | Create | Villager (Male) |
| 20:57 | Create | Villager (Male) |
| 21:09 | Create | Villager (Male) |
| 21:15 | Build | Town Center |
| 21:44 | Create | Villager (Male) |
| 21:50 | Build | Town Center |
| 21:57 | Research | Wheelbarrow |
| 22:07 | Create | Villager (Male) |
| 22:13 | Create | Villager (Male) |
| 22:22 | Build | Farm |
| 22:26 | Build | Farm |
| 22:48 | Build | Siege Workshop |
| 22:49 | Create | Villager (Male) |
| 22:50 | Create | Villager (Male) |
| 22:59 | Build | Farm |
| 23:08 | Build | Farm |
| 23:13 | Create | Villager (Male) |
| 23:13 | Create | Villager (Male) |
| 23:31 | Build | Lumber Camp |
| 23:33 | Create | Villager (Male) |
| 23:33 | Create | Villager (Male) |
| 23:46 | Create | Shrivamsha Rider |
| 23:58 | Build | Monastery |
| 23:59 | Create | Camel Scout |
| 24:07 | Create | Villager (Male) |
| 24:07 | Create | Villager (Male) |
| 24:07 | Create | Villager (Male) |
| 24:19 | Build | Farm |
| 24:21 | Build | Farm |
| 24:22 | Build | Farm |
| 24:23 | Create | Villager (Male) |
| 24:26 | Build | Castle |
| 24:33 | Build | Farm |
| 24:33 | Build | Farm |
| 24:35 | Create | Villager (Male) |
| 24:36 | Create | Villager (Male) |
| 24:37 | Create | Villager (Male) |
| 24:48 | Build | Farm |
| 24:48 | Build | Farm |
| 24:50 | Build | Farm |
| 24:51 | Create | Villager (Male) |
| 24:51 | Create | Villager (Male) |
Build order — nefurios
First 150 of 459 actions detected
| 0:09 | Create | Villager (Male) |
| 0:09 | Create | Villager (Male) |
| 0:10 | Build | House |
| 0:13 | Build | House |
| 0:49 | Create | Villager (Male) |
| 0:49 | Create | Villager (Male) |
| 0:58 | Create | Villager (Male) |
| 0:58 | Create | Villager (Male) |
| 1:34 | Create | Villager (Male) |
| 2:07 | Build | Lumber Camp |
| 2:13 | Create | Villager (Male) |
| 2:40 | Create | Villager (Male) |
| 2:54 | Create | Villager (Male) |
| 3:11 | Create | Villager (Male) |
| 3:11 | Create | Villager (Male) |
| 3:46 | Create | Villager (Male) |
| 3:59 | Build | House |
| 4:18 | Create | Villager (Male) |
| 4:22 | Build | Mill |
| 5:24 | Create | Villager (Male) |
| 6:00 | Create | Villager (Male) |
| 6:26 | Research | Loom |
| 7:05 | Research | Feudal Age |
| 8:00 | Build | House |
| 8:05 | Build | Barracks |
| 8:12 | Build | House |
| 8:15 | Build | Palisade Wall |
| 8:25 | Build | Palisade Wall |
| 8:33 | Create | Villager (Male) |
| 8:46 | Build | Palisade Wall |
| 8:49 | Build | House |
| 9:15 | Age | Feudal Age |
| 9:23 | Create | Villager (Male) |
| 9:26 | Research | Double-Bit Axe |
| 9:29 | Build | Mining Camp |
| 9:59 | Build | Palisade Wall |
| 10:05 | Build | Palisade Wall |
| 10:08 | Create | Villager (Male) |
| 10:08 | Create | Villager (Male) |
| 10:15 | Create | Villager (Male) |
| 10:26 | Create | Villager (Male) |
| 11:00 | Build | Archery Range |
| 11:07 | Create | Villager (Male) |
| 11:12 | Build | House |
| 11:14 | Build | Palisade Wall |
| 11:48 | Create | Spearman |
| 11:51 | Build | Palisade Wall |
| 11:58 | Build | Palisade Wall |
| 12:13 | Build | Farm |
| 12:15 | Build | Farm |
| 12:15 | Build | Farm |
| 12:15 | Build | Farm |
| 12:16 | Build | Farm |
| 12:19 | Create | Villager (Male) |
| 12:20 | Create | Villager (Male) |
| 12:29 | Create | Villager (Male) |
| 12:29 | Create | Villager (Male) |
| 12:31 | Build | Farm |
| 12:35 | Create | Villager (Male) |
| 12:40 | Create | Villager (Male) |
| 12:42 | Create | Archer |
| 12:42 | Create | Archer |
| 12:56 | Build | House |
| 13:00 | Build | Farm |
| 13:02 | Create | Villager (Male) |
| 13:16 | Create | Villager (Male) |
| 13:33 | Build | Blacksmith |
| 13:50 | Create | Villager (Male) |
| 13:52 | Create | Archer |
| 13:52 | Create | Archer |
| 13:56 | Build | Farm |
| 14:21 | Build | House |
| 14:26 | Build | Farm |
| 14:31 | Create | Archer |
| 14:50 | Build | House |
| 14:55 | Build | Farm |
| 15:00 | Build | Farm |
| 15:06 | Build | Farm |
| 15:08 | Create | Archer |
| 15:36 | Build | House |
| 15:43 | Create | Villager (Male) |
| 15:45 | Research | Fletching |
| 16:11 | Create | Villager (Male) |
| 16:14 | Build | House |
| 16:32 | Create | Villager (Male) |
| 16:47 | Create | Spearman |
| 17:13 | Build | House |
| 17:38 | Create | Villager (Male) |
| 17:38 | Create | Villager (Male) |
| 17:42 | Research | Castle Age |
| 17:53 | Build | Palisade Wall |
| 18:04 | Build | Lumber Camp |
| 18:17 | Create | Archer |
| 18:17 | Create | Archer |
| 18:18 | Create | Archer |
| 18:18 | Create | Archer |
| 18:55 | Create | Archer |
| 18:56 | Create | Archer |
| 19:30 | Research | Padded Archer Armor |
| 19:36 | Build | Stable |
| 19:37 | Build | Stable |
| 19:42 | Build | House |
| 20:13 | Create | Archer |
| 20:19 | Create | Villager (Male) |
| 20:22 | Age | Castle Age |
| 20:27 | Build | Town Center |
| 20:44 | Build | Town Center |
| 20:45 | Create | Villager (Male) |
| 20:46 | Create | Villager (Male) |
| 20:46 | Create | Villager (Male) |
| 21:30 | Research | Bloodlines |
| 21:31 | Research | Husbandry |
| 21:35 | Research | Gold Mining |
| 21:37 | Research | Horse Collar |
| 21:44 | Create | Villager (Male) |
| 21:45 | Create | Villager (Male) |
| 21:45 | Create | Villager (Male) |
| 21:53 | Build | House |
| 21:55 | Build | House |
| 22:07 | Create | Villager (Male) |
| 22:08 | Create | Villager (Male) |
| 22:09 | Create | Villager (Male) |
| 22:10 | Create | Villager (Male) |
| 22:10 | Create | Villager (Male) |
| 22:22 | Create | Knight |
| 22:29 | Build | House |
| 22:39 | Build | Farm |
| 22:40 | Build | Farm |
| 22:53 | Build | Farm |
| 23:03 | Create | Knight |
| 23:04 | Create | Knight |
| 23:04 | Create | Knight |
| 23:06 | Build | House |
| 23:14 | Build | Palisade Wall |
| 23:18 | Create | Knight |
| 23:23 | Build | Farm |
| 23:23 | Build | Farm |
| 23:28 | Build | Farm |
| 23:44 | Create | Knight |
| 23:44 | Create | Knight |
| 24:08 | Build | Gate |
| 24:19 | Create | Villager (Male) |
| 24:19 | Create | Villager (Male) |
| 24:20 | Create | Villager (Male) |
| 24:21 | Create | Villager (Male) |
| 24:28 | Create | Villager (Male) |
| 24:28 | Create | Villager (Male) |
| 24:30 | Build | Farm |
| 24:31 | Build | Farm |
| 24:38 | Build | Farm |
Match timeline
| 8:05 | nefurios · first_building Barracks |
| 8:15 | nefurios · wall_segment Palisade Wall x5 |
| 8:25 | nefurios · wall_segment Palisade Wall x3 |
| 8:46 | nefurios · wall_segment Palisade Wall x7 |
| 8:49 | yukino · first_building Barracks |
| 9:15 | nefurios · age_up feudal |
| 9:30 | yukino · age_up feudal |
| 9:32 | yukino · first_building Stable |
| 9:59 | nefurios · wall_segment Palisade Wall x6 |
| 10:05 | nefurios · wall_segment Palisade Wall x17 |
| 11:00 | nefurios · first_building Archery Range |
| 11:14 | nefurios · wall_segment Palisade Wall x4 |
| 11:17 | yukino · wall_segment Palisade Wall x7 |
| 11:51 | nefurios · wall_segment Palisade Wall x1 |
| 11:52 | yukino · wall_segment Palisade Wall x4 |
| 11:58 | nefurios · wall_segment Palisade Wall x1 |
| 12:29 | yukino · wall_segment Palisade Wall x16 |
| 12:58 | yukino · wall_segment Palisade Wall x6 |
| 13:16 | yukino · wall_segment Palisade Wall x5 |
| 17:53 | nefurios · wall_segment Palisade Wall x1 |
| 18:49 | yukino · age_up castle |
| 19:36 | nefurios · first_building Stable |
| 19:55 | yukino · first_market_sell 100 stone |
| 20:22 | nefurios · age_up castle |
| 22:48 | yukino · first_building Siege Workshop |
| 23:14 | nefurios · wall_segment Palisade Wall x1 |
| 23:58 | yukino · first_building Monastery |
| 24:26 | yukino · first_building Castle |
| 25:26 | nefurios · first_building Monastery |
| 28:36 | nefurios · first_building Castle |
| 32:21 | nefurios · wall_segment Stone Wall x4 |
| 34:11 | nefurios · age_up imperial |
| 35:36 | yukino · age_up imperial |
| 36:30 | nefurios · first_building Siege Workshop |
| 39:31 | yukino · first_building Archery Range |
| 41:09 | nefurios · wall_segment Palisade Wall x1 |
| 41:11 | nefurios · wall_segment Palisade Wall x1 |
| 41:48 | nefurios · wall_segment Stone Wall x5 |
| 44:13 | nefurios · wall_segment Palisade Wall x1 |
| 47:48 | nefurios · resign |
[ AI ANALYSIS · 1 CREDIT ]
What really happened in this match?
Wolo.gg analyzes every decision: build order, eco, micro, common mistakes by bracket. Personalized analysis on WhatsApp or Discord in 30 seconds.
Civ guide
Gurjaras
Perfil
Jugador #11119216